 Dungeon Sprint DCSS version 0.25-b1-29-g4cfa5c7bda (webtiles) character file.

Game seed: 6311378780825600175, levelgen mode: deterministic

19004 Chiseanne the Fruitful (level 12, 0/102 HPs)
             Began as a Demonspawn Assassin on June 3, 2020.
             Was a Priest of Fedhas.
             Killed by an exploding ball lightning (16 damage)
             ... created by Lom Lobon
             ... in the Dungeon (Sprint I: "Red Sonja").
             The game lasted 00:32:28 (3414 turns).

Chiseanne the Fruitful (Demonspawn Assassin)        Turns: 3414, Time: 00:32:29

Health: 0/102      AC: 19    Str: 14    XL:     12   Next: 32%
Magic:  3/26       EV: 30    Int: 16    God:    Fedhas [***...]
Gold:   174        SH: 18    Dex: 20    Spells: 11/11 levels left

rFire    . . .     SeeInvis +   a - +4 dagger
rCold    + + +     Gourm    .   r - +2 tower shield
rNeg     . . .     Faith    .   w - +5 scale mail "Xeceris" {rCorr}
rPois    .         Spirit   .   (helmet restricted)
rElec    .         Reflect  .   b - +1 cloak
rCorr    +         Harm     .   (no gloves)
MR       .....     NoTele   +   (boots unavailable)
Stlth    ++++......             m - amulet of the acrobat
HPRegen  0.27/turn              h - ring of protection from cold
MPRegen  0.20/turn              q - ring of see invisible

@: sanguine armour, acrobat
A: antennae 1, talons 3, agile 1, clever 2, cold resistance 2, demonic guardian
1, freezing cloud immunity, sanguine armour 1
a: Wall of Briars, Grow Ballistomycete, Renounce Religion


You were in the Dungeon.
You worshipped Fedhas.
Fedhas was most pleased with you.
You were not hungry.

You visited 1 branch You collected 3478 gold pieces.
You spent 3304 gold pieces at shops.

Inventory:

Hand Weapons
 a - a +4 dagger (weapon)
 s - the +6 trident of Lymazu {freeze, rPois rC- Str-3 Int+7}
   (You found it in the Dungeon)

   It has been specially enchanted to freeze those struck by it, causing extra
   injury to most foes and up to half again as much damage against particularly
   susceptible opponents.
   It can also slow down cold-blooded creatures.
   It affects your strength (-3).
   It affects your intelligence (+7).
   It makes you vulnerable to cold.
   It protects you from poison.
Missiles
 k - 5 curare-tipped darts (quivered)
 n - 25 stones
 o - 18 bolts
 t - 7 poisoned darts
Armour
 b - a +1 cloak (worn)
 c - a +2 buckler of cold resistance
 r - a +2 tower shield (worn)
 w - the +5 scale mail "Xeceris" (worn) {rCorr}
   (You bought it in a shop in the Dungeon)

   It provides partial protection from all sources of acid and corrosion.
Jewellery
 h - a ring of protection from cold (left hand)
 m - an amulet of the acrobat (around neck)
 q - a ring of see invisible (right hand)
Wands
 e - a wand of random effects (12)
 i - a wand of iceblast (4)
Scrolls
 l - a scroll of magic mapping
 B - a scroll of immolation
Potions
 d - a potion of flight
 g - 2 potions of curing
 j - 2 potions of magic
 p - 2 potions of stabbing
 u - 2 potions of might
 v - a potion of brilliance
 z - a potion of cancellation
Miscellaneous
 f - a phial of floods
Comestibles
 A - 2 rations


   Skills:
 * Level 12.2 Fighting
 - Level 9.0 Short Blades
 - Level 1.7 Throwing
 * Level 13.7 Dodging
 - Level 13.4 Stealth
 * Level 8.2 Shields
 * Level 21.6 Invocations


You had 11 spell levels left.
You didn't know any spells.
Your spell library contained the following spells:

 Spells                   Type           Power        Failure   Level  Hunger
 Magic Dart               Conj           #...         100%        1    ##.....
 Shock                    Conj/Air       #...         100%        1    ##.....
 Blink                    Tloc           N/A          100%        2    ###....
 Call Imp                 Summ           #.......     100%        2    ###....
 Slow                     Hex            #.......     100%        2    ###....
 Swiftness                Chrm/Air       #.......     100%        2    ###....
 Conjure Flame            Conj/Fire      #.......     100%        3    ####...
 Mephitic Cloud           Conj/Pois/Air  #.......     100%        3    ####...
 Static Discharge         Conj/Air       #.......     100%        3    ####...
 Airstrike                Air            #.........   100%        4    #####..
 Lightning Bolt           Conj/Air       #.........   100%        5    ######.


Dungeon Overview and Level Annotations

Branches:
Dungeon (1/1)

Altars:
Cheibriados
Dithmenos
Elyvilon
Fedhas
Gozag
Hepliaklqana
Kikubaaqudgha
Makhleb
Nemelex Xobeh
Okawaru
Qazlal
Ru
Sif Muna
Trog
Uskayaw
Vehumet
Wu Jian
Xom
Yredelemnul
Zin
The Shining One
Jiyva
Lugonu

Shops:
D =(%(%?([*:[[=%((:*![:

Annotations:
D exclusion: 2 doors, Lom Lobon, Tiamat


Innate Abilities, Weirdness & Mutations

You have claws for feet.
Your flesh is very cold resistant. (rC++)
A weak demonic guardian rushes to your aid.
You are immune to freezing clouds.
When seriously injured, your bleeding wounds create armour. (AC +6)
You have a pair of small antennae on your head.
You are agile. (Dex +2)
Your mind is very acute. (Int +4)


Message History

Lom Lobon is no longer covered in acid.
Lom Lobon gestures. 4 ball lightnings come into view.
The ball lightning explodes!
The blast of lightning engulfs Lom Lobon.
Lom Lobon completely resists.
The blast of lightning engulfs your shadow imp!
The blast of lightning engulfs the ball lightning.
The ball lightning completely resists.
The ball lightning explodes!
The blast of lightning engulfs Lom Lobon.
Lom Lobon completely resists.
The blast of lightning engulfs the ball lightning.
The ball lightning completely resists.
The blast of lightning engulfs your shadow imp!
Your shadow imp dies!
The ball lightning explodes!
The blast of lightning engulfs the ball lightning.
The ball lightning completely resists.
The blast of lightning engulfs you!
You die...
Fedhas appreciates your contribution to the ecosystem.

############§.#################**
)...#..#.§.§§§§§§§.'..#^§§....#,,
#...##'#§####§§§§§##..+§(#.§.§##,
#...'..#§#.###.§§#######+P..§§§#*
#####..§§#'#.###§#..)##.§P..§§§#,
#..##'####^...)#.##...#.§..§§..#,
'§§#.)°,,#...PP#§*&.#.#.)≈.)#'##,
#.§#^.°°,+.....##§§)#.#..≈§)#.#**
##'###.○°#^....#@...#.#..§.##+#,,
##P'.#..°###P'##.##○..#..≈##,^,,,
.###.#.○###..###.○#'###..≈#,,,,^^
.∩##§#..####°.###.....≈..#*,^,^^,
####.##+#..#..#.#..)..≈..#,,,,,,,
..##§§#§#............##..#,,,,,,,
.§§§§§PP§.........○)..+..#*^^,,,,
####§§§§§......#PP.).^##'##,,,,,,
...#§#####...###f§§§P.#≈≈≈##,,,,,


You could see Lom Lobon (gusty), a ball lightning and a friendly burning bush
(summoned).

Vanquished Creatures
  A lorocyproca (D)
  A hydra (D)
  2 centaur warriors (D)
  Sonja (D)
  A deep troll (D)
  An unseen horror (D)
  A lindwurm (D)
  A shining eye (D)
  2 kobold demonologists (D)
  4 demonic crawlers (D)
  A hornet (D)
  A slime creature (D)
  2 redbacks (D)
  Sigmund (D)
  11 hogs (D)
  A yak (D)
  4 floating eyes (D)
  A necrophage (D)
  4 jellies (D)
  Ijyb (D)
42 creatures vanquished.

Vanquished Creatures (collateral kills)
  the Lernaean hydra (D)
  A daeva (D)
  4 fire giants (D)
  A deep elf annihilator (D)
  6 unseen horrors (D)
  2 merfolk sirens (D)
  7 shining eyes (D)
  A gargoyle (D)
  A hellwing (D)
  A meliai (D)
  2 hornets (D)
  2 hogs (D)
  3 floating eyes (D)
  6 necrophages (D)
  An ogre (D)
  4 jellies (D)
  5 ballistomycete spores (D)
48 creatures vanquished.

Vanquished Creatures (others)
  A mummy priest (D)
  An oklob plant (D)
  A gargoyle (D)
  2 hornets (D)
  4 ball lightnings (D)
  A ballistomycete spore (D)
10 creatures vanquished.

Grand Total: 100 creatures vanquished

Notes
Turn   | Place    | Note
-------+----------+-------------------------------------------
     0 | D        | Chiseanne the Demonspawn Assassin began the quest for the
                  | Orb.
     0 | D        | Reached XP level 1. HP: 16/16 MP: 1/1
     1 | D        | Noticed Ijyb
     9 | D        | Killed Ijyb
     9 | D        | Reached skill level 5 in Stealth
     9 | D        | Gained mutation: A weak demonic guardian rushes to your
                  | aid. [demonic ancestry]
     9 | D        | Reached XP level 2. HP: 17/22 MP: 2/2
    80 | D        | Noticed an ogre
    96 | D        | Killed an ogre
    96 | D        | Gained mutation: You have sharp toenails. [demonic
                  | ancestry]
    96 | D        | Reached XP level 3. HP: 16/27 MP: 3/3
    96 | D        | Reached XP level 4. HP: 19/33 MP: 4/4
   225 | D        | Noticed Sigmund
   228 | D        | Killed Sigmund
   228 | D        | Reached skill level 5 in Short Blades
   228 | D        | Reached skill level 5 in Dodging
   228 | D        | Gained mutation: When seriously injured, your bleeding
                  | wounds create armour. (AC +6) [demonic ancestry]
   228 | D        | Reached XP level 5. HP: 38/38 MP: 5/5
   241 | D        | Found a shimmering blue altar of Sif Muna.
   242 | D        | Found an ornate altar of the Wu Jian Council.
   243 | D        | Found a radiant altar of Vehumet.
   247 | D        | Gained mutation: You have razor-sharp toenails. [demonic
                  | ancestry]
   247 | D        | Reached XP level 6. HP: 44/44 MP: 6/6
   276 | D        | Found Woal's Antique Weapon Emporium.
   276 | D        | Found an ancient bone altar of Kikubaaqudgha.
   276 | D        | Found a hazy altar of Hepliaklqana.
   276 | D        | Found a hide-covered altar of Uskayaw.
   276 | D        | Found a basalt altar of Yredelemnul.
   276 | D        | Found an opulent altar of Gozag.
   276 | D        | Found a snail-covered altar of Cheibriados.
   276 | D        | Found a sacrificial altar of Ru.
   276 | D        | Found a shadowy altar of Dithmenos.
   276 | D        | Noticed a yak
   277 | D        | Found a stormy altar of Qazlal.
   277 | D        | Found a blossoming altar of Fedhas.
   277 | D        | Found a bloodstained altar of Trog.
   277 | D        | Found an iron altar of Okawaru.
   277 | D        | Found a glowing golden altar of the Shining One.
   277 | D        | Found a glowing silver altar of Zin.
   277 | D        | Found a white marble altar of Elyvilon.
   291 | D        | Killed a yak
   291 | D        | Reached skill level 10 in Stealth
   359 | D        | Found a sparkling altar of Nemelex Xobeh.
   362 | D        | Became a worshipper of Fedhas Madash
   371 | D        | Noticed Sonja
   412 | D        | Killed Sonja
   412 | D        | Gained mutation: You have claws for feet. [demonic
                  | ancestry]
   412 | D        | Reached XP level 7. HP: 20/50 MP: 7/7
   420 | D        | Paralysed by a floating eye for 3 turns
   429 | D        | Found Qeug's Jewellery Boutique.
   429 | D        | Noticed a shining eye
   429 | D        | Noticed a shining eye
   430 | D        | Noticed a shining eye
   614 | D        | Noticed a deep troll
   618 | D        | Killed a deep troll
   618 | D        | Reached * piety under Fedhas
   618 | D        | Gained mutation: Your flesh is cold resistant. (rC+)
                  | [demonic ancestry]
   618 | D        | Reached XP level 8. HP: 56/56 MP: 8/8
   632 | D        | Found Heneteig's Armour Emporium.
   658 | D        | Bought an ancient glaive for 345 gold pieces
   660 | D        | Identified the +1 glaive "Vymuymad" {drain, MR+ Dex+7} (You
                  | bought it in a shop in the Dungeon)
   680 | D        | Bought an uncursed amulet of the acrobat for 330 gold
                  | pieces
   708 | D        | Noticed a centaur warrior
   709 | D        | Noticed a centaur warrior
   710 | D        | Killed a centaur warrior
   710 | D        | Reached skill level 10 in Invocations
   710 | D        | Gained mutation: You are immune to freezing clouds.
                  | [demonic ancestry]
   710 | D        | Reached XP level 9. HP: 61/61 MP: 8/16
   711 | D        | Killed a centaur warrior
   711 | D        | Reached skill level 13 in Invocations
   727 | D        | Reached ** piety under Fedhas
   727 | D        | Reached skill level 14 in Invocations
   737 | D        | Noticed an oklob plant
   748 | D        | Reached skill level 15 in Invocations
   786 | D        | Bought an uncursed ring of see invisible for 165 gold
                  | pieces
   821 | D        | Paralysed by a floating eye for 4 turns
   848 | D        | Found a burning altar of Makhleb.
   848 | D        | Found a viscous altar of Jiyva.
   848 | D        | Found a shimmering altar of Xom.
   848 | D        | Found a corrupted altar of Lugonu.
   851 | D        | Reached *** piety under Fedhas
   864 | D        | Noticed a kobold demonologist
   866 | D        | Noticed a kobold demonologist
   874 | D        | Killed a kobold demonologist
   874 | D        | Reached skill level 16 in Invocations
   875 | D        | Paralysed by a floating eye for 4 turns
   882 | D        | Killed a kobold demonologist
   882 | D        | Reached skill level 17 in Invocations
   882 | D        | Reached XP level 10. HP: 48/67 MP: 22/22
   883 | D        | Reached **** piety under Fedhas
   993 | D        | Noticed a lindwurm
  1007 | D        | Killed a lindwurm
  1007 | D        | Reached ***** piety under Fedhas
  1007 | D        | Reached skill level 5 in Fighting
  1007 | D        | Reached skill level 18 in Invocations
  1264 | D        | Bought an uncursed ring of protection from cold for 275
                  | gold pieces
  1264 | D        | Bought a cursed ring of attention for 49 gold pieces
  1306 | D        | Noticed a gargoyle
  1311 | D        | Killed a gargoyle
  1311 | D        | Reached skill level 10 in Dodging
  1414 | D        | Noticed a 12-headed hydra
  1416 | D        | Killed a 12-headed hydra
  1416 | D        | Reached ****** piety under Fedhas
  1416 | D        | Reached skill level 19 in Invocations
  1416 | D        | Reached XP level 11. HP: 86/86 MP: 24/24
  1430 | D        | Noticed a daeva
  1436 | D        | Killed a daeva
  1450 | D        | Got an iridescent trident
  1467 | D        | Identified the +6 trident of Lymazu {freeze, rPois rC-
                  | Str-3 Int+7} (You found it in the Dungeon)
  1469 | D        | Noticed an unseen horror
  1469 | D        | Noticed an unseen horror
  1469 | D        | Noticed an unseen horror
  1469 | D        | Noticed an unseen horror
  1469 | D        | Noticed an unseen horror
  1481 | D        | Killed an unseen horror
  1481 | D        | Reached skill level 1 in Shields
  1483 | D        | Killed an unseen horror
  1495 | D        | Killed an unseen horror
  1500 | D        | Killed an unseen horror
  1517 | D        | Killed an unseen horror
  1757 | D        | Noticed an unseen horror
  1757 | D        | Noticed an unseen horror
  1763 | D        | Killed an unseen horror
  1763 | D        | Reached skill level 20 in Invocations
  1765 | D        | Killed an unseen horror
  1794 | D        | Reached skill level 10 in Fighting
  1831 | D        | Found Ecoaqib's Antique Armour Shoppe.
  1831 | D        | Found Filirch's Weapon Shop.
  1831 | D        | Found Xikusod's Assorted Antiques.
  1833 | D        | Found Golan's Book Emporium.
  1833 | D        | Found Peujasuc's Armour Shop.
  1833 | D        | Found Piuzu's Armour Shoppe.
  1833 | D        | Found Utipi's Jewellery Boutique.
  1833 | D        | Found Uzaynn's Food Emporium.
  1833 | D        | Found Waicruwk's Antique Weapon Shop.
  1833 | D        | Found Kurry's Antique Weapon Shoppe.
  1836 | D        | Bought a masterwork kite shield for 228 gold pieces
  1836 | D        | Identified the +0 kite shield of Sudorr {rC- MR+++ Int-3
                  | SInv} (You bought it in a shop in the Dungeon)
  1839 | D        | Found Beenesih's Book Boutique.
  1840 | D        | Found Syppirik's Distillery.
  1840 | D        | Found Vuduid's General Store.
  1843 | D        | Found Ecay's Book Emporium.
  1851 | D        | Bought a scroll of remove curse for 42 gold pieces
  1857 | D        | Bought 2 potions of flight for 60 gold pieces
  1857 | D        | Bought a potion of might for 40 gold pieces
  1857 | D        | Bought a potion of brilliance for 40 gold pieces
  1857 | D        | Bought a potion of might for 40 gold pieces
  1902 | D        | Paralysed by a floating eye for 4 turns
  1916 | D        | Killed a shining eye
  1917 | D        | Killed a shining eye
  1922 | D        | Noticed a shining eye
  1922 | D        | Noticed a shining eye
  1922 | D        | Noticed a shining eye
  1922 | D        | Gained mutation: Your magical capacity is low. (-10% MP) [a
                  | shining eye]
  1934 | D        | Killed a shining eye
  1939 | D        | Noticed a shining eye
  1939 | D        | Noticed a shining eye
  1940 | D        | Killed a shining eye
  1940 | D        | Reached skill level 5 in Shields
  1944 | D        | Gained mutation: You are dopey. (Int -2) [a shining eye]
  1946 | D        | Gained mutation: You are frail. (-10% HP) [a shining eye]
  1956 | D        | Killed a shining eye
  1959 | D        | Killed a shining eye
  1963 | D        | Gained mutation: You are very dopey. (Int -4) [a shining
                  | eye]
  1970 | D        | Killed a shining eye
  1981 | D        | Found Babat's Antique Weapon Shoppe.
  1981 | D        | Found Seuco's Food Emporium.
  1987 | D        | Gained mutation: You are weak. (Str -2) [a shining eye]
  1993 | D        | Gained mutation: You tend to lose your temper in combat. [a
                  | shining eye]
  2002 | D        | Killed a shining eye
  2015 | D        | Found Eqekkel's Magic Scroll Boutique.
  2017 | D        | Found Dagai's Food Shop.
  2095 | D        | Bought a scroll of identify for 24 gold pieces
  2095 | D        | Bought a scroll of identify for 24 gold pieces
  2206 | D        | Noticed a lorocyproca
  2225 | D        | Killed a lorocyproca
  2285 | D        | Bought a notched copper ring for 145 gold pieces
  2285 | D        | Bought an amethyst potion for 26 gold pieces
  2285 | D        | Bought a scroll labeled SODAEPO LOZI for 29 gold pieces
  2285 | D        | Bought 2 fizzy silvery potions for 52 gold pieces
  2285 | D        | Bought a scroll labeled WIFUINT CIUXUM for 29 gold pieces
  2289 | D        | Lost mutation: Your magical capacity is low. (-10% MP)
                  | [potion of mutation]
  2289 | D        | Lost mutation: You are weak. (Str -2) [potion of mutation]
  2289 | D        | Lost mutation: You are very dopey. (Int -4) [potion of
                  | mutation]
  2289 | D        | Lost mutation: You are dopey. (Int -2) [potion of mutation]
  2289 | D        | Gained mutation: You are dopey. (Int -2) [potion of
                  | mutation]
  2289 | D        | Gained mutation: Your flesh is very cold resistant. (rC++)
                  | [potion of mutation]
  2289 | D        | Gained mutation: You are agile. (Dex +2) [potion of
                  | mutation]
  2290 | D        | Lost mutation: You are frail. (-10% HP) [potion of
                  | mutation]
  2290 | D        | Lost mutation: You are dopey. (Int -2) [potion of mutation]
  2290 | D        | Lost mutation: You tend to lose your temper in combat.
                  | [potion of mutation]
  2290 | D        | Gained mutation: You have a pair of small antennae on your
                  | head. [potion of mutation]
  2290 | D        | Gained mutation: Your mind is acute. (Int +2) [potion of
                  | mutation]
  2290 | D        | Gained mutation: Your mind is very acute. (Int +4) [potion
                  | of mutation]
  2293 | D        | Bought the +5 scale mail "Xeceris" {rCorr} for 499 gold
                  | pieces
  2338 | D        | Bought a smoking scimitar for 216 gold pieces
  2371 | D        | Bought a scroll of identify for 28 gold pieces
  2371 | D        | Bought a scroll of identify for 28 gold pieces
  2371 | D        | Identified the cursed +3 scimitar "Iboassykho" {vorpal,
                  | Str+5 Dex+3} (You bought it in a shop in the Dungeon)
  2788 | D        | Noticed a deep elf annihilator
  2788 | D        | Noticed a mummy priest
  2792 | D        | Noticed a flayed ghost
  2799 | D        | Killed a deep elf annihilator
  2872 | D        | Bought a ration for 50 gold pieces
  2872 | D        | Bought a ration for 50 gold pieces
  2872 | D        | Bought a ration for 50 gold pieces
  2872 | D        | Bought a ration for 50 gold pieces
  2891 | D        | Killed a mummy priest
  3114 | D        | Bought a scroll of immolation for 42 gold pieces
  3114 | D        | Bought a scroll of enchant armour for 90 gold pieces
  3151 | D        | Bought a +2 buckler of cold resistance for 258 gold pieces
  3233 | D        | Noticed an oklob plant
  3242 | D        | Noticed a fire giant
  3257 | D        | Killed a fire giant
  3258 | D        | Noticed a fire giant
  3264 | D        | Killed a fire giant
  3264 | D        | Reached skill level 21 in Invocations
  3264 | D        | Reached XP level 12. HP: 71/99 MP: 23/26
  3270 | D        | Noticed a fire giant
  3283 | D        | Killed a fire giant
  3288 | D        | Noticed a fire giant
  3300 | D        | Killed a fire giant
  3326 | D        | Identified the +4 dragonskin cloak
  3326 | D        | Noticed Tiamat
  3365 | D        | Noticed the 27-headed Lernaean hydra
  3388 | D        | Killed the 27-headed Lernaean hydra
  3392 | D        | HP: 4/101 [something[the player character] (41)]
  3398 | D        | Noticed Lom Lobon
  3414 | D        | Killed by an exploding ball lightning

Illustrated notes

Levels and vault maps discovered:
D:        dungeon_sprint_1 [red_sonja_temple_1, red_sonja_temple_small_1]

Skill      XL: |  1  2  3  4  5  6  7  8  9 10 11 12 |
---------------+-------------------------------------+-----
Short Blades   | 3 4 5 6 8 9 |  9.0
Dodging        | 2 4 5 7 8 11 13 | 13.7
Stealth        | 5 7 9 12 13 | 13.4
Invocations    | 10 17 19 21 | 21.6
Fighting       | 8 11 12 | 12.2
Shields        | 6 8 |  8.2
Throwing       | |  1.7

Action                   |  1- 3 |  4- 6 |  7- 9 | 10-12 || total
-------------------------+-------+-------+-------+-------++-------
Melee: Dagger            |     1 |     7 |    12 |    29 ||    49
       Glaive            |       |       |     7 |     5 ||    12
       Kick              |       |       |     3 |    14 ||    17
       Trident           |       |       |       |     8 ||     8
Throw: Dart              |     8 |     9 |     1 |    11 ||    29
Invok: Overgrow          |       |       |       |    14 ||    14
       Grow Oklob        |       |       |       |     9 ||     9
Evoke: Wand              |       |       |       |     4 ||     4
  Use: Potion            |       |     2 |       |     5 ||     7
       Scroll            |       |       |     5 |    14 ||    19
 Stab: Sleeping          |       |     2 |     7 |    12 ||    21
       Distracted        |       |       |     1 |       ||     1
       Confused          |       |       |       |     1 ||     1
  Eat: Chunk             |       |       |       |     3 ||     3
       Ration            |       |       |       |     4 ||     4
Armor: Robe              |       |     2 |     4 |     3 ||     9
       Scale mail        |       |       |       |    58 ||    58
Dodge: Dodged            |     1 |     8 |     4 |    62 ||    75
Block: Tower shield      |       |       |       |    30 ||    30
